 Dungeon Crawl Stone Soup version 0.28.0-53-g5a82cb258f (webtiles) character file.

Game seed: 8347309862466073527

95 Peloso the Covered (level 4, 0/40 HPs)
             Began as a Minotaur Fighter on June 6, 2022.
             Slain by a gnoll
             ... wielding a +0 whip
              (5 damage)
             ... on level 2 of the Dungeon.
             The game lasted 00:01:49 (1436 turns).

Peloso the Covered (Minotaur Fighter)               Turns: 1436, Time: 00:01:50

Health: 0/40       AC:  7    Str: 20    XL:     4   Next: 40%
Magic:  3/3        EV:  9    Int:  5    God:
Gold:   177        SH:  5    Dex: 12    Spells: 3/3 levels left

rFire   . . .      SeeInvis .   a - +0 long sword
rCold   . . .      Faith    .   c - +0 buckler
rNeg    . . .      Spirit   .   b - +0 scale mail
rPois   .          Reflect  .   (helmet restricted)
rElec   .          Harm     .   (no cloak)
rCorr   .          Rampage  .   (no gloves)
Will    .....                   (no boots)
Stlth   ..........              (no amulet)
HPRegen 0.13/turn               (no ring)
MPRegen 0.08/turn               (no ring)

@: no status effects
A: horns 2, retaliatory headbutt
a: no special abilities


You were on level 2 of the Dungeon.
You visited 1 branch of the dungeon, and saw 2 of its levels.

You collected 177 gold pieces.

Inventory:

Hand Weapons
 a - a +0 long sword (weapon)
Armour
 b - a +0 scale mail (worn)
 c - a +0 buckler (worn)
Wands
 k - a wand of digging (3)
Scrolls
 e - a scroll of enchant armour {unknown}
 g - a scroll of identify {unknown}
 h - a scroll of enchant weapon {unknown}
 i - a scroll of vulnerability {unknown}
 j - 2 scrolls of teleportation {unknown}
Potions
 d - a potion of might
 f - a potion of resistance {unknown}


   Skills:
 + Level 4.0 Fighting
 + Level 3.4 Long Blades
 + Level 5.1 Armour
 + Level 0.2 Dodging
 + Level 0.1 Stealth
 + Level 4.0 Shields


You had 3 spell levels left.
You didn't know any spells.
Your spell library was empty.

Dungeon Overview and Level Annotations

Branches:
Dungeon (2/15)

Altars:
Cheibriados

Shops:
D:1 *=!((


Innate Abilities, Weirdness & Mutations

You have a pair of horns on your head.
You reflexively headbutt those who attack you in melee.


Message History

A gnoll comes into view. It is wielding a +0 whip.
You barely miss the gnoll.
The gnoll is severely wounded.
The gnoll hits you with a +0 spear!
You hit the gnoll.
The gnoll is almost dead.
The gnoll hits you but does no damage. x2
You barely miss the gnoll.
The gnoll is almost dead.
The gnoll hits you with a +0 spear!
You closely miss the gnoll. Your headbutt misses the gnoll.
The gnoll is almost dead.
The gnoll hits you but does no damage.
You hit the gnoll but do no damage.
You headbutt the gnoll, but do no damage.
The gnoll is almost dead.
The gnoll completely misses you. You furiously retaliate!
You headbutt the gnoll!
You kill the gnoll!
You have reached level 4!
You feel agile. The gnoll barely misses you.
Things that are here:
a +0 spear; a gnoll corpse You slash the gnoll!
You headbutt the gnoll.
You kill the gnoll!
You slash the gnoll!
The gnoll is severely wounded.
The gnoll barely misses you.
You barely miss the gnoll.
The gnoll is severely wounded.
The gnoll hits you with a +0 flail! x2
* * * LOW HITPOINT WARNING * * *
You slash the gnoll!
You kill the gnoll!
Your Armour skill increases to level 5!
You hit the gnoll. Your headbutt misses the gnoll.
The gnoll is moderately wounded.
The gnoll hits you with a +0 whip.
You die...

###### ##....# .
#.....# ...
#.....###########.....
#.............@gK!....
#.....##########......
#.....# #......
#.....# #.. ....
###.#...## .. ...
.....##..## .# ..
.....##...## #.# #
.....##....####..#
_....##..........#####


You could see a gnoll and a kobold.

Vanquished Creatures
  2 adders (D:2)
  3 gnolls (D:2)
  A worm (D:2)
  3 dart slugs
  2 ball pythons (D:1)
  6 endoplasms
  2 giant cockroaches
  2 goblins
  4 hobgoblins
  3 quokkas (D:1)
  3 bats
  5 frilled lizards (D:1)
  A kobold (D:2)
  4 rats (D:1)
41 creatures vanquished.

Notes
Turn   | Place    | Note
-------+----------+-------------------------------------------
     0 | D:1      | Peloso the Minotaur Fighter began the quest for the Orb.
     0 | D:1      | Reached XP level 1. HP: 19/19 MP: 0/0
   281 | D:1      | Reached XP level 2. HP: 23/27 MP: 1/1
   358 | D:1      | Found Baentum's Distillery.
   359 | D:1      | Found Tiomop's Jewellery Shoppe.
   388 | D:1      | Found Nupros's General Store.
   453 | D:1      | Reached skill level 4 in Armour
   526 | D:1      | Found Gagip's Weapon Shoppe.
   594 | D:1      | Found Wosuvvigh's Weapon Shop.
  1105 | D:1      | Reached XP level 3. HP: 33/33 MP: 2/2
  1149 | D:2      | Found a snail-covered altar of Cheibriados.
  1431 | D:2      | Reached XP level 4. HP: 19/40 MP: 3/3
  1436 | D:2      | Reached skill level 5 in Armour
  1436 | D:2      | Slain by a gnoll

Illustrated notes

Levels and vault maps discovered:
D:1:      erik_arrival_cave_to_civilisation [erik_arrival_cave_to_temple],
          layout_loops_ring, serial_shops, nicolae_shop_window_shopping,
          nicolae_shop_advertising_works [nicolae_subvault_shop_adworks],
          shop_coins, nicolae_shop_behind_doors, nicolae_shop_statue_plus,
          minmay_statues_item, st_stairs_9, corexii_leaking_fountain
D:2:      layout_rooms, basic_altar

Skill      XL: |  1  2  3  4 |
---------------+-------------+-----
Armour         | 4 5 |  5.1
Fighting       | 4 |  4.0
Long Blades    | 3 |  3.4
Shields        | 4 |  4.0
Dodging        | |  0.2
Stealth        | |  0.1

Action                   |  1- 3 |  4- 6 || total
-------------------------+-------+-------++-------
Melee: Long sword        |    79 |     5 ||    84
       Headbutt          |    10 |     1 ||    11
Armor: Scale mail        |    52 |       ||    52
Dodge: Dodged            |    56 |     2 ||    58
Block: Buckler           |    18 |       ||    18
